 Dungeon Crawl Stone Soup version 0.17.1-3-g152610e (webtiles) character file.

7 juanjsm the Sneak (level 1, -2/9 HPs)
             Began as a Spriggan Enchanter on Mar 29, 2016.
             Was an Initiate of Ashenzari.
             Slain by a worm (11 damage)
             ... on level 2 of the Dungeon.
             The game lasted 00:03:33 (880 turns).

juanjsm the Sneak (Spriggan Enchanter)               Turns: 880, Time: 00:03:33

Health: -2/9       AC:  3    Str:  4    XL:     1   Next: 83%
Magic:  4/5        EV: 17    Int: 16    God:    Ashenzari [......]
Gold:   96         SH:  5    Dex: 16    Spells: 1 memorised, 4 levels left

rFire  . . .     SeeInvis +     a - +1 dagger
rCold  . . .     Clarity  .     b - +1 robe (curse)
rNeg   . . .     SustAt   .     j - +0 buckler (curse)
rPois  .         Gourm    .     (helmet restricted)
rElec  .         Spirit   .     (no cloak)
rCorr  .         Warding  .     (gloves unavailable)
rMut   .         Stasis   .     (boots unavailable)
MR     .....                    (no amulet)
Stlth  +++.......               (no ring)
                                (no ring)

@: very quick, not resistant to hostile enchantments, fairly stealthy
A: unfitting armour, see invisible, herbivore 3, speed 3, slow metabolism 2
a: Renounce Religion


You were on level 2 of the Dungeon.
You worshipped Ashenzari.
Ashenzari was noncommittal.
You were not hungry.

You visited 1 branch of the dungeon, and saw 2 of its levels.

You collected 96 gold pieces.

Inventory:

Hand Weapons
 a - a +1 dagger (weapon)
Armour
 b - a cursed +1 robe (worn)
 j - a cursed +0 buckler (worn)
Scrolls
 e - 3 scrolls of identify {unknown}
 i - a scroll of random uselessness {unknown}
 k - a scroll of magic mapping {unknown}
 l - a scroll of curse jewellery
 m - a scroll of enchant weapon {unknown}
Potions
 f - a potion of cure mutation {unknown}
 g - a potion of mutation {unknown}
 h - a potion of invisibility {unknown}
 n - a potion of curing {unknown}
Books
 c - a book of Maledictions

   Spells                             Type                      Level
   a - Corona                         Hexes                        1
   b - Ensorcelled Hibernation        Hexes/Ice                    2
   c - Confuse                        Hexes                        3
   d - Tukima's Dance                 Hexes                        3
   e - Dazzling Spray                 Conjuration/Hexes            3
Comestibles
 d - 2 bread rations


   Skills:
 * Level 1.1 Short Blades
 * Level 3.2 Dodging
 * Level 4.7 Stealth
 * Level 2.6 Spellcasting
 * Level 3.9 Hexes


You had 4 spell levels left.
You knew the following spells:

 Your Spells              Type           Power        Failure   Level  Hunger
a - Corona                Hex            ##.....      8%          1    #......


Dungeon Overview and Level Annotations

Branches:
Dungeon (2/15)

Altars:
Ashenzari
Ru
The Shining One


Innate Abilities, Weirdness & Mutations

You are tiny and cannot use many weapons and most armour.
You have supernaturally acute eyesight.
You are a herbivore.
You cover ground extremely quickly.
You need consume almost no food.


Message History

There is a stone staircase leading down here.
Found a stone staircase leading down.
A worm comes into view.
The worm moves out of view.
The worm is too close now for your liking.
Found 13 sling bullets.
Casting: Corona
Confirm with . or Enter, or press ? or * to list all spells.
Aiming: Corona
Press: ? - help, Shift-Dir - straight line, f - worm
Aim: a worm (chance to defeat MR: 60%)
The worm is outlined in light.
You block the worm's attack.
You hit the worm.
The worm is lightly wounded.
You hit the worm.
The worm is moderately wounded.
The worm bites you!
Ouch! That really hurt!
You die...

## .# .# ######### .#
#.......# .# #.......#
.###############.w....(#
.........##.....@.#
.#######.##.####........
## #.##.# #........
#.##.# #........ #.##.#
######### ########....#
#...........#
#.########.## #.# #.#


You could see a worm.

Vanquished Creatures
  A bat (D:1)
  A goblin (D:1)
  A hobgoblin (D:2)
  A kobold (D:1)
  2 rats (D:1)
6 creatures vanquished.

Notes
Turn   | Place    | Note
--------------------------------------------------------------
     0 | D:1      | juanjsm the Spriggan Enchanter began the quest for the Orb.
     0 | D:1      | Reached XP level 1. HP: 9/9 MP: 5/5
   613 | D:2      | Found a shattered altar of Ashenzari.
   617 | D:2      | Became a worshipper of Ashenzari the Shackled
   626 | D:2      | Found a sacrificial altar of Ru.
   629 | D:2      | Found a glowing golden altar of the Shining One.
   880 | D:2      | Slain by a worm

Action                   || total
-------------------------++-------
Melee: Dagger            ||    21
 Cast: Corona            ||     5
  Use: Scroll            ||     2
 Stab: Sleeping          ||     1
